 Dungeon Crawl Stone Soup version 0.28-a0-1235-g7c8fac35f0 (webtiles) character file.

Game seed: 334765295571134095

385413 Majang the Unseen (level 21, -1/116 HPs)
             Began as a Spriggan Berserker on Dec 21, 2021.
             Was a High Priest of Trog.
             Slain by a white very ugly thing (36 damage)
             ... on level 1 of the Depths on Dec 25, 2021.
             The game lasted 07:14:56 (92307 turns).

Majang the Unseen (Spriggan Berserker)             Turns: 92307, Time: 07:14:57

Health: -1/116     AC: 23    Str: 19    XL:     21   Next: 64%
Magic:  22/22      EV: 31    Int:  8    God:    Trog [*****.]
Gold:   2940       SH: 13    Dex: 30    Spells: 20/20 levels left

rFire   + + .      SeeInvis +   a - +8 long sword of the Fifty Eyes {protect, rF+ Str+6}
rCold   . . .      Faith    .   n - +3 buckler {reflect}
rNeg    . . .      Spirit   .   e - +0 shadow dragon scales
rPois   .          Reflect  +   J - +0 hat "Ubrogiq" {Dex+6}
rElec   .          Harm     .   A - scarf {+Inv}
rCorr   .          Rampage  .   (gloves unavailable)
Will    ++++.                   (boots unavailable)
Stlth   +++++++++.              g - amulet of the acrobat
HPRegen 0.29/turn               d - ring of willpower
MPRegen 0.18/turn               Y - ring of protection from fire

@: under a protective aura, studying Staves, very quick
A: very small, no large weapons, unfitting armour, see invisible, speed 3, dopey
1
}: 3/15 runes: barnacled, abyssal, gossamer
a: Renounce Religion, Evoke Invisibility, Berserk, Trog's Hand, Brothers in Arms


You were on level 1 of the Depths.
You worshipped Trog.
Trog was extremely pleased with you.
You visited 9 branches of the dungeon, and saw 40 of its levels.
You visited the Abyss 1 time.
You also visited: Desolation.

You collected 7595 gold pieces.
You spent 4655 gold pieces at shops.

Inventory:

Hand Weapons
 a - the +8 long sword of the Fifty Eyes (weapon) {protect, rF+ Str+6}
   (You bought it in a shop on level 2 of the Orcish Mines)

   It grants its wielder temporary protection when it strikes (+7 to AC).
   Str:       It affects your strength (+6).
   rF:        It protects you from fire.
 b - a +3 hunting sling of flaming
 c - a +10 antimagic quick blade
 h - the +8 long sword of Success {flame, rElec Str+2}
   (Trog gifted it to you on level 2 of the Vaults)

   It burns those it strikes, dealing additional fire damage.
   Big, fiery blades are also staple armaments of hydra-hunters.
   Str:       It affects your strength (+2).
   rElec:     It insulates you from electricity.
 s - the +9 falchion "Yrecsyrgh" {flame, *Noise *Slow rElec rC++ rN+}
   (You found it on level 13 of the Dungeon)

   It burns those it strikes, dealing additional fire damage.
   Big, fiery blades are also staple armaments of hydra-hunters.
   rC:        It greatly protects you from cold.
   rElec:     It insulates you from electricity.
   rN:        It protects you from negative energy.
   *Noise:    It may make noises in combat.
   *Slow:     It may slow you when you take damage.
 D - a +9 scimitar of holy wrath
Missiles
 i - 345 sling bullets
 X - 4 throwing nets (quivered)
Armour
 e - +0 shadow dragon scales (worn)
 n - a +3 buckler of reflection (worn)
 A - a scarf of invisibility (worn)
 C - the +5 pearl dragon scales of Lifelessness {Rampage rPois rF+ rN+ Str+4}
   (You bought it in a shop on level 8 of the Dungeon)

   Str:       It affects your strength (+4).
   rF:        It protects you from fire.
   rPois:     It protects you from poison.
   rN:        It protects you from negative energy.
   Rampage:   It bestows one free step when moving towards enemies.
 J - the +0 hat "Ubrogiq" (worn) {Dex+6}
   (You acquired it on level 1 of the Vaults)

   Dex:       It affects your dexterity (+6).
Jewellery
 d - a ring of willpower (left hand)
 g - an amulet of the acrobat (around neck)
 v - a ring of ice
 W - a ring of positive energy
 Y - a ring of protection from fire (right hand)
 Z - a +4 ring of protection
Wands
 l - a wand of flame (19)
 r - a wand of iceblast (13)
 y - a wand of polymorph (29)
 M - a wand of paralysis (7)
 N - a wand of acid (13)
 P - a wand of digging (3)
Scrolls
 m - 5 scrolls of fog
 u - 4 scrolls of teleportation
 w - 2 scrolls of blinking
 B - a scroll of immolation
 G - 4 scrolls of fear
 H - a scroll of magic mapping
 I - a scroll of holy word
 O - 3 scrolls of summoning
 Q - 2 scrolls of silence
 S - a scroll of enchant weapon
 U - 2 scrolls of identify
Potions
 j - a potion of haste
 k - 7 potions of mutation
 o - 3 potions of cancellation
 p - 9 potions of might
 q - 3 potions of attraction
 t - 4 potions of flight
 x - 12 potions of curing
 E - 5 potions of invisibility
 F - 2 potions of heal wounds
 L - 2 potions of resistance
 R - 5 potions of ambrosia
 T - 7 potions of lignification
Miscellaneous
 f - a tin of tremorstones (2/2)
 z - a box of beasts
 K - a phantom mirror


   Skills:
 + Level 14.4 Fighting
 - Level 11.2(16.6) Short Blades
 * Level 15.3(16.1) Long Blades
 + Level 15.2 Slings
 * Level 14.2 Armour
 + Level 18.5 Dodging
 + Level 18.7 Stealth
 - Level 7.2 Shields
 + Level 16.1 Evocations


You had 20 spell levels left.
You didn't know any spells.
Your spell library was empty.

Dungeon Overview and Level Annotations

Branches:
Dungeon (15/15)            Temple (0/1) D:5            Lair (6/6) D:11
 Shoals (4/4) Lair:2       Spider (4/4) Lair:2        Slime (0/5) Lair:5
    Orc (2/2) D:10            Elf (2/3) Orc:2        Vaults (4/5) D:14
  Crypt (0/3) Vaults:3     Depths (2/4) D:15           Hell (visited)
Desolation (visited)
    Dis: Hell:1         Geh: Hell:1         Coc: Hell:1         Tar: Hell:1

Altars:
Elyvilon
Fedhas
Hepliaklqana
Nemelex Xobeh
Qazlal
Sif Muna
Uskayaw
Xom
Yredelemnul
Beogh
Jiyva

Shops:
D:6 [   D:8 [   D:15 *   Orc:2 (![(   Elf:2 (   Vaults:3 !   Vaults:4 (!([
Depths:1 ([

Portals:
Hell: Depths:1 Depths:2
Abyss: Depths:2
Ziggurat: Depths:1

Annotations:
Lair:5 1 runed translucent door


Innate Abilities, Weirdness & Mutations

You are very small and have problems with some larger weapons.
You are too small for most types of armour.
You have supernaturally acute eyesight. (SInv)
You cover ground extremely quickly. (Speed+++)
You are dopey. (Int -2)


Message History

Aim: a cyan very ugly thing (heavily wounded, 77% to hit)
You shoot a sling bullet.
The sling bullet hits the cyan very ugly thing!
The sling bullet burns the cyan very ugly thing.
The cyan very ugly thing is heavily wounded.
Unknown command.
Your +3 hunting sling of flaming stops flaming.
You feel stronger.
The +8 long sword of the Fifty Eyes {protect, rF+ Str+6} hums with potential!
a - the +8 long sword of the Fifty Eyes (weapon)
{protect, rF+ Str+6} The cyan very ugly thing completely misses you.
You slash the cyan very ugly thing!
Your weapon exudes an aura of protection.
The cyan very ugly thing is severely wounded.
The cyan very ugly thing gurgles horribly!
You slash the cyan very ugly thing!
The cyan very ugly thing is severely wounded.
You block the cyan very ugly thing's attack.
You closely miss the cyan very ugly thing.
The cyan very ugly thing is severely wounded.
The cyan very ugly thing basks in the mutagenic energy from its kin and changes!
The white very ugly thing barely misses you.
You climb upwards.
There is a stone staircase leading down here.
You hit the white very ugly thing.
The white very ugly thing is severely wounded.
The white very ugly thing misses you.
You hit the white very ugly thing.
The white very ugly thing is almost dead.
The white very ugly thing trunk-slaps you!
The white very ugly thing freezes you!!!
The white very ugly thing barely misses you.
You slice the white very ugly thing!!
You kill the white very ugly thing!
Trog accepts your kill.
You slash the white very ugly thing!
The white very ugly thing is lightly wounded.
The white very ugly thing headbutts you!
The white very ugly thing freezes you!!!
You die...

[......## #....#...#...
.#......## ##..[........
.'...8...##############.........#
.#........##..........##...⌠.^.##
.####......##..........##.....##>
#######..8..#######.....###.###..
#^...........##.8.##.............
.........)...#..u..#.............
#...8..8.>.8.'..@.8#.............
+............#.†.[.#.............
#............##.8.##.....∩.......
#######..8..#######..............
.####......##....................
.#.)......##.....................
.'...8...##......................
.#......##.......................
.'.....##........................


You could see a white very ugly thing.

Vanquished Creatures
  Frederick (Vaults:3)
  Jory (Vaults:2)
  Geryon (Hell)
  Arachne (Spider:2)
  Jorgrun (D:14)
  Rupert (D:13)
  The ghost of StikS32 the Warrior, an adept MiFi of the Shining One (Orc:2)
  Polyphemus (Shoals:4)
  2 tentacled starspawn (Abyss:3)
  A sphinx (Vaults:4)
  Kirke (D:15)
  The ghost of Vuor the Black Belt, an adept DjTm of Okawaru (Spider:2)
  Roxanne (D:14)
  The ghost of Itutiusk the Severer, an adept VSFi of Ru (Vaults:2)
  A tengu reaver (Vaults:1)
  Ilsuiw (Shoals:2)
  8 vault wardens
  A frost giant (Vaults:3)
  3 ghost moths
  5 emperor scorpions
  An iron dragon (Vaults:1)
  3 orc warlords
  Louise (Spider:2)
  14 ironbound preservers
  3 stone giants
  A war gargoyle (Vaults:2)
  18 very ugly things
  2 ironbound thunderhulks
  The ghost of UristMcRaven the Geomancer, a journeyman OpEE of Cheibriados (Orc:2)
  An entropy weaver (Vaults:4)
  A vampire knight (Depths:2)
  A deep elf demonologist (Elf:2)
  The ghost of Minuumom the Protected, a journeyman DsVM of Ashenzari (Lair:3)
  14 dire elephants
  A spark wasp (Spider:4)
  The ghost of pantherbaby0 the Fighter, a journeyman GrBe of Trog (Orc:2)
  5 merfolk javelineers
  3 ettins
  A crystal guardian (Vaults:4)
  The ghost of Conn the Eclecticist, a journeyman DEIE of Sif Muna (Orc:2)
  A green death (Depths:1)
  A fire dragon (Depths:2)
  6 yaktaur captains
  7 merfolk impalers
  6 boulder beetles
  7 great orbs of eyes
  9 vault guards
  An ice dragon (Depths:2)
  An ogre mage (Vaults:4)
  5 peacekeepers
  5 hydras
  4 merfolk avatars
  A servant of whispers (Desolation)
  2 death knights (Vaults:3)
  13 death yaks
  10 ironbound frosthearts
  2 catoblepae
  2 hell hogs (Depths:1)
  12 centaur warriors
  7 merfolk aquamancers
  8 two-headed ogres
  5 satyrs
  3 deep troll shamans (Depths:1)
  3 tengu warriors
  22 dancing weapons
  7 death scarabs (Spider:4)
  A deep troll earth mage (Depths:1)
  11 thrashing horrors (Abyss:3)
  An orc high priest (Orc:2)
  A vampire mage (Depths:2)
  2 soul eaters (Depths:1)
  11 deep elf knights
  A sun demon (Depths:1)
  2 spriggan berserkers
  A wretched star (Abyss:3)
  A fire crab (shapeshifter) (D:14)
  11 sea snakes
  A skeletal warrior (D:13)
  An iron troll (Depths:1)
  A goliath frog (Lair:6)
  A glowing orange brain (Depths:1)
  A swamp dragon (shapeshifter) (Vaults:2)
  5 lindwurms
  7 deep elf archers
  16 ironbound convokers
  54 deep trolls
  3 spectral wolf spiders (Spider:4)
  13 wizards
  9 orc knights
  6 harpies
  25 deep elf zephyrmancers
  A necromancer (Vaults:3)
  12 orb spiders
  21 deep elf pyromancers
  3 wolf spider zombies (Spider:4)
  19 wolf spiders
  17 manticores
  A harpy (shapeshifter) (Elf:1)
  A tengu skeleton (Vaults:3)
  A worldbinder (Abyss:3)
  53 ugly things
  2 orc sorcerers
  9 cyclopes
  10 fauns
  A salamander (shapeshifter) (Elf:2)
  9 elephants
  2 moths of wrath (Spider:4)
  An apocalypse crab (Abyss:2)
  5 black mambas
  4 water nymphs
  7 merfolk sirens
  10 vault sentinels
  2 guardian serpents (shapeshifter) (Abyss:3)
  2 gargoyles
  2 torpor snails (Lair:4)
  A smoke demon (Abyss:2)
  2 kobold demonologists (D:11)
  9 unseen horrors
  22 cane toads
  10 demonic crawlers
  10 rime drakes
  4 spectral redbacks (Spider:4)
  A tormentor (Depths:1)
  A redback zombie (Spider:4)
  34 yaktaurs
  2 tengu conjurers
  2 efreet (D:14)
  10 komodo dragons
  An ice devil (Depths:1)
  2 ancient zymes (Abyss:3)
  A sea snake skeleton (Hell)
  7 trolls
  37 merfolk
  17 jumping spiders
  12 hornets
  A hornet (shapeshifter) (D:13)
  3 meliai
  2 polar bears
  A harpy zombie (Abyss:3)
  7 spectral tarantellas (Spider:4)
  4 spectral jumping spiders (Spider:4)
  3 tyrant leeches (Lair:6)
  7 wind drakes
  20 blink frogs
  7 snapping turtles
  2 jumping spider zombies (Spider:4)
  9 saltlings
  A meliai zombie (D:11)
  2 raiju (Abyss:3)
  32 slime creatures
  A small abomination (Abyss:3)
  21 dream sheep
  A spectral dream sheep (Lair:4)
  A large abomination (Abyss:3)
  77 redbacks
  A spriggan (shapeshifter) (Elf:2)
  A tarantella (shapeshifter) (D:15)
  21 water elementals
  An air elemental (Elf:1)
  A ynoxinul (Abyss:3)
  3 shadows
  3 wraiths
  34 tarantellas
  11 wyverns
  4 fire elementals
  A spriggan (Lair:4)
  8 basilisks
  2 fire bats (Abyss:3)
  Sigmund (D:4)
  2 hogs (D:15)
  A steam dragon (D:9)
  39 yaks
  2 neqoxecs
  Grum (D:10)
  5 wargs
  14 vampire mosquitoes
  The ghost of caleiya the Chopper, an amateur GrFi of Okawaru (D:3)
  A hydra simulacrum (Hell)
  A hell hound (Lair:6)
  9 water moccasins
  A spectral hornet (Spider:4)
  An alligator simulacrum (Hell)
  2 black bears
  2 ice beasts
  37 orc warriors
  2 black mamba simulacra (Lair:4)
  3 sky beasts
  9 wolves
  3 necrophages
  6 ogres
  A wolf (shapeshifter) (Elf:2)
  A tengu (shapeshifter) (Elf:2)
  19 centaurs
  A phantom (D:6)
  16 kobold brigands (D:11)
  A human zombie (Vaults:3)
  11 bullfrogs
  A gnoll sergeant (Orc:1)
  3 earth elementals
  A scorpion (D:6)
  A cane toad simulacrum (Lair:4)
  A water moccasin skeleton (D:7)
  21 killer bees
  12 wights
  A vampire bat (Lair:3)
  9 electric eels
  10 howler monkeys
  3 centaur zombies
  4 jellies
  A bullfrog zombie (D:6)
  A human simulacrum (Vaults:3)
  A bullfrog skeleton (D:7)
  14 orc priests
  4 hounds
  An iguana (D:5)
  An iron imp (Abyss:3)
  A gnoll shaman (D:7)
  10 hell rats
  26 orc wizards
  A killer bee zombie (D:7)
  A howler monkey zombie (D:9)
  A mummy (D:4)
  11 gnolls
  4 adders
  A shadow imp (D:7)
  3 white imps
  An ufetubus (D:4)
  A worm (shapeshifter) (Elf:2)
  A worm (D:2)
  A dart slug (D:2)
  92 orcs
  11 ball pythons
  8 endoplasms
  4 giant cockroaches
  5 goblins
  5 hobgoblins
  2 jackals (D:2)
  11 kobolds
  4 quokkas
  13 bats
  2 frilled lizards (D:1)
  A hobgoblin zombie (D:4)
  3 kobold zombies (D:4)
  4 rats
  A lurking horror (Abyss:3)
1629 creatures vanquished.

Vanquished Creatures (collateral kills)
  The ghost of makewrite the Tortoise, a journeyman MiBe of Trog (D:13)
  An ironbound preserver (Vaults:1)
  A merfolk javelineer (Shoals:4)
  A merfolk impaler (Shoals:4)
  A merfolk avatar (Shoals:4)
  2 merfolk aquamancers (Shoals:4)
  An orc knight (D:13)
  A merfolk siren (Shoals:4)
  A water nymph (Shoals:4)
  A merfolk (Shoals:4)
  A water elemental (Shoals:4)
12 creatures vanquished.

Vanquished Creatures (others)
  A sea snake (Shoals:4)
  An orc knight (Orc:1)
  2 ugly things
  A deep elf pyromancer (Elf:2)
  A tarantella (Spider:2)
  30 fungi
  A lurking horror (Abyss:3)
  A pillar of salt (Desolation)
  224 plants
  8 starspawn tentacles (Abyss:3)
  3 withered plants
273 creatures vanquished.

Grand Total: 1914 creatures vanquished

Notes
Turn   | Place    | Note
-------+----------+-------------------------------------------
     0 | D:1      | Majang the Spriggan Berserker began the quest for the Orb.
     0 | D:1      | Reached XP level 1. HP: 11/11 MP: 2/2
   402 | D:1      | Reached XP level 2. HP: 10/16 MP: 3/3
  1248 | D:2      | Reached XP level 3. HP: 19/19 MP: 4/4
  1585 | D:2      | Reached ** piety under Trog
  2241 | D:3      | Found a blossoming altar of Fedhas.
  2471 | D:3      | Found a hide-covered altar of Uskayaw.
  2630 | D:3      | Reached XP level 4. HP: 22/24 MP: 5/5
  2988 | D:4      | Reached skill level 5 in Short Blades
  3203 | D:4      | Noticed Sigmund
  3329 | D:4      | Found a runed translucent door.
  3338 | D:4      | Killed Sigmund
  3339 | D:4      | Reached skill level 1 in Slings
  3339 | D:4      | Reached skill level 1 in Stealth
  3339 | D:4      | Reached skill level 1 in Evocations
  3339 | D:4      | Reached XP level 5. HP: 28/28 MP: 6/6
  3414 | D:4      | Noticed caleiya's ghost (amateur GrFi)
  3734 | D:3      | Killed caleiya's ghost
  3735 | D:3      | Reached skill level 1 in Shields
  3735 | D:3      | Reached XP level 6. HP: 11/32 MP: 7/7
  4825 | D:5      | Entered Level 5 of the Dungeon
  4861 | D:5      | Reached XP level 7. HP: 26/36 MP: 8/8
  4992 | D:5      | Found a staircase to the Ecumenical Temple.
  5131 | D:5      | Reached skill level 5 in Dodging
  5366 | D:5      | Found a shimmering blue altar of Sif Muna.
  5719 | D:6      | Found Vinib's Armour Boutique.
  5865 | D:6      | Reached XP level 8. HP: 42/42 MP: 9/9
  6178 | D:6      | Reached *** piety under Trog
  6872 | D:6      | Reached skill level 5 in Stealth
  7060 | D:6      | Reached XP level 9. HP: 46/46 MP: 10/10
  8006 | D:7      | Reached skill level 5 in Evocations
  8160 | D:7      | You fall into a shaft and drop 2 floors!
  8830 | D:7      | Reached skill level 5 in Slings
  9498 | D:7      | Reached skill level 5 in Fighting
  9680 | D:7      | Found a white marble altar of Elyvilon.
 10054 | D:7      | Reached XP level 10. HP: 51/51 MP: 11/11
 10672 | D:8      | Found Perseus's Dragon-Slaying Spoils.
 11723 | D:9      | Identified a scroll of acquirement
 11723 | D:9      | Acquired 1015 gold pieces
 11910 | D:9      | Reached skill level 10 in Short Blades
 12309 | D:9      | Found a shimmering altar of Xom.
 12502 | D:9      | Found a basalt altar of Yredelemnul.
 13368 | D:10     | Entered Level 10 of the Dungeon
 13838 | D:10     | Noticed an orc knight
 13841 | D:10     | Found a staircase to the Orcish Mines.
 13842 | D:10     | Noticed an orc knight
 13856 | D:10     | Killed an orc knight
 13857 | D:10     | Reached XP level 11. HP: 20/56 MP: 10/12
 14116 | D:10     | Killed an orc knight
 14816 | D:10     | Found a hazy altar of Hepliaklqana.
 15481 | D:10     | Noticed Grum
 15774 | D:10     | Killed Grum
 16119 | Orc:1    | Entered Level 1 of the Orcish Mines
 16318 | D:10     | Reached skill level 1 in Armour
 16630 | Orc:1    | Noticed an orc knight
 16841 | Orc:1    | Killed an orc knight
 17056 | D:8      | Bought the +5 pearl dragon scales of Lifelessness {Rampage
                  | rPois rF+ rN+ Str+4} for 1863 gold pieces
 17174 | Orc:2    | Entered Level 2 of the Orcish Mines
 17416 | Orc:1    | Reached **** piety under Trog
 18215 | Orc:2    | Reached skill level 1 in Long Blades
 18216 | Orc:2    | Found a staircase to the Elven Halls.
 18913 | Orc:2    | Reached skill level 10 in Stealth
 18998 | Orc:2    | Found Fynetu's Distillery.
 19003 | Orc:2    | Bought 2 potions of heal wounds for 140 gold pieces
 19003 | Orc:2    | Bought a potion of might for 56 gold pieces
 19003 | Orc:2    | Bought a potion of might for 56 gold pieces
 19003 | Orc:2    | Bought a potion of invisibility for 112 gold pieces
 19232 | Orc:2    | Found Hiob's Antique Weapon Boutique.
 19377 | Orc:2    | Found a runed translucent gate.
 19378 | Orc:2    | Found a runed translucent gate.
 19378 | Orc:2    | Found a runed translucent gate.
 19379 | Orc:2    | Noticed StikS32's ghost (adept MiFi)
 19379 | Orc:2    | Noticed pantherbaby0's ghost (journeyman GrBe)
 19379 | Orc:2    | Noticed Conn's ghost (journeyman DEIE)
 19379 | Orc:2    | Noticed UristMcRaven's ghost (journeyman OpEE)
 19838 | Orc:2    | Noticed an orc high priest
 19845 | Orc:2    | Noticed a sixfirhy
 19847 | Orc:2    | Killed an orc high priest
 19855 | Orc:2    | Noticed an orc sorcerer
 20135 | Orc:2    | Reached XP level 12. HP: 62/62 MP: 13/13
 20140 | Orc:2    | Reached skill level 5 in Shields
 20210 | Orc:2    | Noticed an orc warlord
 20334 | Orc:1    | Killed an orc warlord
 20334 | Orc:1    | Reached ***** piety under Trog
 20773 | Orc:2    | Found Sasi's Antique Armour Boutique.
 20789 | Orc:2    | Found Estox's Antique Weapon Shop.
 20850 | Orc:2    | Bought a crude long sword for 272 gold pieces
 20850 | Orc:2    | Identified the +8 long sword of the Fifty Eyes {protect,
                  | rF+ Str+6} (You bought it in a shop on level 2 of the
                  | Orcish Mines)
 21040 | D:11     | Noticed a two-headed ogre
 21048 | D:11     | Killed a two-headed ogre
 21212 | D:11     | Found a staircase to the Lair.
 21330 | D:11     | Received a gift from Trog
 21405 | D:11     | Noticed a five-headed hydra
 21424 | D:11     | Killed a one-headed hydra
 21575 | D:11     | Acquired a manual of Fighting
 21736 | D:11     | Reached skill level 10 in Dodging
 22573 | Lair:1   | Entered Level 1 of the Lair of Beasts
 22757 | Lair:1   | You fall into a shaft and drop 1 floor!
 22757 | Lair:2   | Found a hole to the Spider Nest.
 23524 | Lair:2   | Noticed a seven-headed hydra
 23543 | Lair:2   | Killed a three-headed hydra
 23638 | Lair:2   | Found a staircase to the Shoals.
 23799 | Lair:2   | Reached XP level 13. HP: 58/67 MP: 14/14
 24712 | Lair:3   | Reached skill level 5 in Long Blades
 24926 | Lair:3   | Acquired 1062 gold pieces
 25436 | Lair:4   | Found a runed translucent gate.
 25436 | Lair:4   | Found a runed translucent gate.
 25437 | Lair:4   | Found a runed translucent gate.
 25443 | Lair:4   | Noticed Minuumom's ghost (journeyman DsVM)
 25543 | Lair:4   | Reached skill level 5 in Armour
 25581 | Lair:4   | Reached skill level 10 in Evocations
 27793 | Lair:5   | Found a runed translucent door.
 27793 | Lair:5   | Found a viscous altar of Jiyva.
 27793 | Lair:5   | Noticed an azure jelly
 27794 | Lair:5   | Found a staircase to the Slime Pits.
 27794 | Lair:5   | Noticed an azure jelly
 27795 | Lair:5   | Noticed an azure jelly
 28513 | Lair:6   | Entered Level 6 of the Lair of Beasts
 28922 | Lair:6   | Reached XP level 14. HP: 74/74 MP: 15/15
 29372 | Lair:6   | Reached skill level 10 in Slings
 29907 | Lair:6   | Received a gift from Trog
 33854 | D:11     | Reached ****** piety under Trog
 34159 | Spider:1 | Entered Level 1 of the Spider Nest
 34201 | Lair:2   | Reached XP level 15. HP: 65/79 MP: 16/16
 34715 | Lair:2   | Received a gift from Trog
 35906 | Spider:1 | Upgraded the game from 0.28-a0-1212-gc6b4282bc0 to
                  | 0.28-a0-1227-ga9037bb4c8
 36161 | Spider:2 | Identified the +3 tower shield "Agioleupp" {Regen+ Dex+4}
 36161 | Spider:2 | Noticed Louise
 36425 | Spider:2 | Killed Louise
 36986 | Spider:2 | Reached skill level 10 in Fighting
 37177 | Spider:1 | Received a gift from Trog
 37647 | Spider:2 | Noticed Arachne
 37673 | Spider:2 | Killed Arachne
 38110 | Spider:2 | Found a runed translucent door.
 38115 | Spider:2 | Noticed Vuor's ghost (adept DjTm)
 38208 | Spider:2 | Killed Vuor's ghost
 38718 | Lair:3   | Killed Minuumom's ghost
 40233 | Spider:4 | Entered Level 4 of the Spider Nest
 40282 | Spider:4 | Noticed a ghost moth
 40498 | Spider:3 | Killed a ghost moth
 41451 | Spider:3 | Reached XP level 16. HP: 64/86 MP: 17/17
 43548 | Spider:4 | Reached skill level 15 in Stealth
 44483 | Spider:4 | Received a gift from Trog
 45999 | Spider:4 | Reached skill level 10 in Long Blades
 46021 | Spider:4 | Got a gossamer rune of Zot
 46270 | D:13     | Identified the +9 falchion "Yrecsyrgh" {flame, *Noise *Slow
                  | rElec rC++ rN+}
 46418 | D:13     | Noticed Rupert
 46420 | D:13     | Killed Rupert
 46875 | D:13     | Found a runed translucent gate.
 46875 | D:13     | Found a runed translucent gate.
 46875 | D:13     | Found a runed translucent gate.
 46878 | D:13     | Noticed makewrite's ghost (journeyman MiBe)
 46948 | D:13     | Killed makewrite's ghost
 47417 | D:14     | Noticed Jorgrun
 47428 | D:14     | Killed Jorgrun
 47792 | D:14     | Identified Roxanne's Grimoire of Clay
 47792 | D:14     | Noticed Roxanne
 48153 | D:14     | Killed Roxanne
 48192 | D:14     | Found a sparkling altar of Nemelex Xobeh.
 48669 | D:14     | Received a gift from Trog
 48786 | D:14     | Reached XP level 17. HP: 85/93 MP: 18/18
 48928 | D:14     | Found a gate to the Vaults.
 48977 | D:14     | Reached skill level 10 in Armour
 49361 | D:15     | Entered Level 15 of the Dungeon
 51021 | D:15     | Found a staircase to the Depths.
 51462 | D:15     | Noticed Kirke
 51542 | D:15     | Killed Kirke
 51667 | D:15     | Found Doryev Hutam's General Store.
 51675 | D:15     | Bought a ring of positive energy for 320 gold pieces
 51989 | Elf:1    | Entered Level 1 of the Elven Halls
 52439 | Elf:1    | Reached skill level 15 in Dodging
 52716 | Elf:1    | Paralysed by an air elemental for 1 turns
 52945 | Elf:1    | Received a gift from Trog
 53697 | Orc:2    | Killed StikS32's ghost
 53703 | Orc:2    | Killed Conn's ghost
 53707 | Orc:2    | Killed UristMcRaven's ghost
 53768 | Orc:2    | Killed pantherbaby0's ghost
 54250 | Shoals:1 | Entered Level 1 of the Shoals
 56475 | Shoals:1 | Upgraded the game from 0.28-a0-1227-ga9037bb4c8 to
                  | 0.28-a0-1233-g92def6ad0a
 56496 | Shoals:2 | Noticed Ilsuiw
 57003 | Shoals:2 | Killed Ilsuiw
 57254 | Shoals:2 | Reached XP level 18. HP: 74/94 MP: 19/19
 58430 | Shoals:3 | Received a gift from Trog
 60968 | Shoals:4 | Entered Level 4 of the Shoals
 61450 | Shoals:4 | Got a barnacled rune of Zot
 62752 | Shoals:4 | Received a gift from Trog
 62985 | Shoals:4 | Identified the +5 scale mail "Dappot" {rPois Will++ Regen+
                  | Stlth-}
 63031 | Shoals:4 | Noticed Polyphemus
 63347 | Shoals:4 | Killed Polyphemus
 65804 | Lair:1   | Upgraded the game from 0.28-a0-1233-g92def6ad0a to
                  | 0.28-a0-1234-g826d19b2e0
 66483 | Elf:2    | Noticed a Hell Sentinel
 66484 | Elf:2    | Noticed a Tzitzimitl
 66664 | Elf:2    | Found a runed translucent gate.
 66665 | Elf:2    | Found a runed translucent gate.
 66665 | Elf:2    | Found a runed translucent gate.
 66779 | Elf:2    | Found Zithrelafi's Antique Weapon Emporium.
 67157 | Elf:2    | Received a gift from Trog
 67474 | Elf:2    | Reached XP level 19. HP: 104/104 MP: 6/20
 67502 | Elf:2    | Cast into level 2 of the Abyss (+2 glaive of distortion)
 67609 | Abyss:2  | Gained mutation: You are dopey. (Int -2) [a neqoxec]
 67696 | Abyss:2  | Noticed a dread lich
 67872 | Abyss:3  | Noticed a bone dragon
 68653 | Abyss:3  | Found a corrupted altar of Lugonu.
 68788 | Abyss:3  | Got an abyssal rune of Zot
 68905 | Elf:2    | Escaped the Abyss
 69492 | Elf:2    | Received a gift from Trog
 70451 | Vaults:1 | Entered Level 1 of the Vaults
 72204 | Vaults:1 | Received a gift from Trog
 74374 | Vaults:2 | Found a runed translucent door.
 74374 | Vaults:2 | Found a shimmering altar of Xom.
 74374 | Vaults:2 | Noticed Itutiusk's ghost (adept VSFi)
 74395 | Vaults:2 | Killed Itutiusk's ghost
 75223 | Vaults:2 | Received a gift from Trog
 75676 | Vaults:2 | Reached XP level 20. HP: 109/110 MP: 7/21
 77180 | Vaults:1 | Acquired the +0 hat "Ubrogiq" {Dex+6}
 77194 | Vaults:1 | Acquired 735 gold pieces
 79542 | Vaults:3 | Noticed Jory
 79592 | Vaults:2 | Killed Jory
 79592 | Vaults:2 | Identified the +8 long sword of Success {flame, rElec
                  | Str+2} (Trog gifted it to you on level 2 of the Vaults)
 79592 | Vaults:2 | Received a gift from Trog
 79593 | Vaults:2 | Reached skill level 15 in Evocations
 79924 | Vaults:3 | Noticed Frederick
 80169 | Vaults:3 | Found a staircase to the Crypt.
 81864 | Vaults:3 | Killed Frederick
 81955 | Vaults:3 | Found Tirrov's Distillery.
 81962 | Vaults:3 | Bought a potion of curing for 54 gold pieces
 81962 | Vaults:3 | Bought a potion of flight for 54 gold pieces
 81962 | Vaults:3 | Bought a potion of heal wounds for 90 gold pieces
 81962 | Vaults:3 | Bought a potion of flight for 54 gold pieces
 81962 | Vaults:3 | Bought a potion of heal wounds for 90 gold pieces
 82469 | Vaults:3 | Upgraded the game from 0.28-a0-1234-g826d19b2e0 to
                  | 0.28-a0-1235-g7c8fac35f0
 82491 | Vaults:4 | Found Pogyrgh Qeodo's Antique Weapon Shoppe.
 83160 | Vaults:4 | Received a gift from Trog
 83221 | Vaults:4 | Found a crumbling gateway.
 83226 | Desolati | Entered the Desolation of Salt
 83636 | Vaults:4 | Found Areyt's Distillery.
 83645 | Vaults:4 | Bought a potion of heal wounds for 55 gold pieces
 83645 | Vaults:4 | Bought a potion of curing for 33 gold pieces
 83645 | Vaults:4 | Bought a potion of might for 44 gold pieces
 83645 | Vaults:4 | Bought a potion of haste for 110 gold pieces
 83645 | Vaults:4 | Bought a potion of flight for 33 gold pieces
 83645 | Vaults:4 | Bought a potion of curing for 33 gold pieces
 83645 | Vaults:4 | Bought a potion of curing for 33 gold pieces
 83645 | Vaults:4 | Bought a potion of curing for 33 gold pieces
 84476 | Vaults:4 | Reached XP level 21. HP: 96/115 MP: 7/22
 85472 | Vaults:4 | Found Yzim's Weapon Shop.
 85548 | Vaults:4 | Received a gift from Trog
 86200 | Vaults:4 | Found Tahetrun's Antique Armour Boutique.
 86374 | Vaults:4 | Reached skill level 15 in Long Blades
 87950 | D:8      | Bought +0 shadow dragon scales for 1120 gold pieces
 88180 | Depths:1 | Entered Level 1 of the Depths
 88200 | Depths:1 | Found a one-way gateway to a ziggurat.
 88226 | Depths:1 | Found a gateway to Hell.
 88453 | Hell     | Entered the Vestibule of Hell
 88453 | Hell     | Noticed Geryon
 88461 | Hell     | Killed Geryon
 88462 | Hell     | Reached skill level 15 in Slings
 89378 | Depths:1 | Found Souham's Armour Emporium.
 89378 | Depths:1 | Found Zigi Hyo's Antique Weapon Shoppe.
 90043 | Depths:1 | Found a white marble altar of Elyvilon.
 90372 | Depths:1 | Found a stormy altar of Qazlal.
 90603 | Depths:1 | Identified the +1 short sword of Revolt {vorpal, SInv}
                  | (Trog gifted it to you on level 1 of the Depths)
 90603 | Depths:1 | Received a gift from Trog
 90706 | Depths:2 | Found a one-way gate to the infinite horrors of the Abyss.
 92307 | Depths:1 | Slain by a white very ugly thing

Illustrated notes

Levels and vault maps discovered:
D:1:      matt_arrival_spirals, layout_rooms, minmay_misc_feat_diagonals
D:2:      layout_basic, kennysheep_generic_room_16
D:3:      layout_basic, eat_drink_and_be_merry_uskayaw,
          mainiacjoe_overflow_brackets
D:4:      layout_basic, ebering_ghost_reflecting_pool,
          ebering_dispersal_statue_hall, small_statue_intersection,
          minmay_mini_ossuary, uniq_sigmund
D:5:      layout_loops_cross, led_sif_book, minmay_temple_entry_ruins,
          grunt_ministairs_3
D:6:      layout_layer_cave, serial_shops, nicolae_stop_n_shop_1
D:7:      nzn_winding_woodlands_three_and_one
          [nzn_winding_woodlands_5x15_garden,
          nzn_winding_woodlands_5x15_lazy_stream,
          nzn_winding_woodlands_5x15_zeroes,
          nzn_winding_woodlands_center_garden], layout_rooms,
          mainiacjoe_overflow_cross_hatched
D:8:      layout_gridville, nicolae_shop_dragon_depot
D:9:      layout_basic, lemuel_round_altar, amcnicky_altar_gilded
D:10:     layout_gridville, mainiacjoe_overflow_alcove_4, david_orc_5, uniq_grum
D:11:     layout_basic, lair_entry_dummy, special_room [special_room_kobold]
D:12:     layout_gridville, serial_bayou_lake_a
D:13:     layout_gridville, biasface_ghost_orc_armoury, uniq_rupert
D:14:     hangedman_arrow_trap, layout_loops_corners,
          grunt_vaults_entry_fortified, nemelex_spade_bored_becter,
          serial_co_window_serial, co_window_paths_a, co_window_cross_1,
          co_window_of_opportunity_a, co_window_paths_a, co_window_paths_a,
          co_window_2corner, co_window_paths_c, co_window_paths_c,
          glass_columns_b, glass_columns_a, glass_columns_b, glass_columns_c,
          glass_columns_c, uniq_jorgrun, uniq_roxanne
D:15:     grunt_enter_depths_giant_problem, layout_loops_ring, serial_glass,
          glass_columns_b, glass_columns_b, serial_shops, shop, minivault_1,
          uniq_kirke
Lair:1:   layout_gridlike, grunt_megastairs_4
Lair:2:   layout_long_grid, minmay_shoals_entry_centaurs, spider_nest_entry_a,
          cheibrodos_lair_reptile_den, lemuel_fruit_tree
Lair:3:   layout_hall_layers, roderic_batcave, serial_bayou_pond_c
Lair:4:   layout_cave_pods, gammafunk_ghost_necromancy, minivault_26,
          grunt_forest_large_clearing_hut
Lair:5:   layout_gridlike, slime_altar_2, infiniplex_staircase_pool
Lair:6:   minmay_lair_end_frog_pond, layout_cave_pods, special_room
          [special_room_mythical_zoo]
Shoals:1: layout_shoals
Shoals:2: cheibrodos_shoals_baths, layout_shoals, uniq_ilsuiw
Shoals:3: layout_shoals
Shoals:4: shoals_end_simple, layout_shoals, shoal_ilsuiw, uniq_polyphemus
Spider:1: layout_spider_delve, guppyfry_hornet_nest,
          hangedman_spider_tarantella_strand
Spider:2: layout_spider_delve, ebering_ghost_reflecting_pool, uniq_arachne,
          uniq_louise
Spider:3: layout_spider_delve
Spider:4: floodkiller_spider_rune_tomb, portal_ice_cave_entry_ugly_swarm
Orc:1:    layout_caves, guppyfry_library_mini
Orc:2:    grunt_orc_community_town_hall, layout_diamond_mine,
          grunt_orc_community_big_house_2, grunt_orc_community_big_house_2,
          grunt_orc_community_house_1, grunt_orc_community_house_2,
          grunt_orc_community_house_2, grunt_orc_community_house_2,
          special_room, gammafunk_ghost_cemetery
Elf:1:    nicolae_elf_arrival_aired_out, layout_onion_city, minivault_28,
          nicolae_concentric_dashed_squares_mild
Elf:2:    nicolae_elf_blades_crystal_corner, layout_loops_corners, serial_shops,
          shop, nicolae_elf_shapeshifter_party
Vaults:1: lightli_enter_wizlab_magi_temple, nicolae_vaults_halls_meeting,
          v_misc_13, v_misc_17, nicolae_vaults_angled_halls,
          hangedman_vaults_cutoff, nicolae_vaults_what_the_h,
          nicolae_vaults_twisting_passages, grunt_vaults_bifocal,
          vaults_room_fancy_cross, nicolae_vaults_little_squares_4,
          layout_vaults_chaotic_city
Vaults:2: ebering_ghost_xom, hangedman_vaults_corner, vaults_mumra_chevron,
          v_misc_1, ontoclasm_vaults_spin, v_alt_pattern_3, vaults_dpeg_hooks,
          vaults_mumra_hexcomb, vaults_room_semicircle, dpeg_vaults_monster_box,
          v_misc_4, nicolae_vaults_angled_halls, nicolae_vaults_shelves_hall,
          layout_vaults_omnicross
Vaults:3: grunt_vaults_swirl, v_pattern_3, nicolae_vaults_little_squares_4,
          v_alt_pattern_4, blue_anna_dwarven_crypt,
          nicolae_vaults_windows_and_doors_thing, layout_vaults_omnigrid,
          serial_shops, shop, uniq_frederick, uniq_jory
Vaults:4: portal_desolation_entry_ruin, v_alt_pattern_4, vaults_mumra_hex,
          vaults_standard_mumra_lines, v_alt_pattern_4,
          ontoclasm_vaults_ring_square, v_misc_15, vaults_room_octagon,
          hangedman_vaults_cutoff, v_rooms_4, ontoclasm_vaults_ligature,
          nicolae_vaults_mini_display_case, nicolae_vaults_shelves_hall,
          layout_vaults_ring, serial_shops, nicolae_square_shop,
          nicolae_lakefront_shop, nicolae_shop_overgrown_old_shop,
          shop_fountains
Depths:1: layout_forbidden_donut, enter_ziggurat_c, hell_entry,
          nicolae_qazlal_eye_of_the_storm, nicolae_elyvilon_temple_path,
          serial_bayou_shore_a, grunt_megastairs_3, minmay_shoptagon
Depths:2: minmay_textured_paths, layout_cave_pools, hell_entry,
          minmay_misc_feat_room, abyss_entry_glasseish, pan_entry,
          infiniplex_staircase_pool_1, uniq_saint_roka
Hell

Skill      XL: |  1  2  3  4  5  6  7  8  9 10 11 12 13 14 15 16 17 18 19 20 21 |
---------------+----------------------------------------------------------------+-----
Short Blades   | 4 5 6 8 9 10 11 | 11.2
Fighting       | 3 4 5 6 7 8 9 10 11 12 13 14 | 14.4
Slings         | 1 2 3 4 5 6 7 8 9 10 11 12 13 14 15 | 15.2
Stealth        | 1 2 4 5 7 8 10 11 12 13 14 15 16 18 | 18.7
Evocations     | 1 2 3 4 6 7 8 9 10 11 12 13 14 15 16 | 16.1
Shields        | 1 2 3 4 5 6 7 |  7.2
Dodging        | 5 6 7 8 9 10 11 12 13 14 15 16 17 18 | 18.5
Armour         | 2 4 5 7 8 9 11 12 13 14 | 14.2
Long Blades    | 2 4 6 7 8 10 12 13 14 15 | 15.3

Action                   |  1- 3 |  4- 6 |  7- 9 | 10-12 | 13-15 | 16-18 | 19-21 || total
-------------------------+-------+-------+-------+-------+-------+-------+-------++-------
Melee: Short sword       |   165 |    84 |   330 |   145 |    13 |    29 |       ||   766
       Dagger            |       |       |       |   367 |       |       |       ||   367
       Long sword        |       |       |       |   723 |  1478 |  1715 |  1853 ||  5769
       Quick blade       |       |       |       |       |   410 |  1173 |  1272 ||  2855
       Scimitar          |       |       |       |       |       |       |    71 ||    71
       Falchion          |       |       |       |       |       |       |     7 ||     7
 Fire: Hunting sling     |       |    30 |   118 |   183 |   261 |   313 |   249 ||  1154
Throw: Throwing net      |       |       |       |     2 |       |     2 |     2 ||     6
Invok: Berserk           |     4 |     4 |    19 |    28 |    10 |     4 |    22 ||    91
       Trog's Hand       |       |       |     2 |       |       |       |       ||     2
       Brothers in Arms  |       |       |       |       |       |     5 |     4 ||     9
 Abil: Evoke Invisibilit |       |       |       |     8 |     2 |    11 |       ||    21
Evoke: Wand              |       |       |     1 |       |    29 |    34 |    32 ||    96
       Tin of tremorston |       |       |       |       |     3 |     4 |     5 ||    12
       Phantom mirror    |       |       |       |       |       |     1 |       ||     1
       Piece from Xom's  |       |       |       |       |       |       |     2 ||     2
  Use: Scroll            |       |     5 |    16 |     9 |     5 |     6 |    19 ||    60
       Potion            |       |       |     4 |       |     3 |     5 |     7 ||    19
 Stab: Sleeping          |     1 |       |     7 |    13 |    19 |    31 |    44 ||   115
       Invisible         |       |       |       |    32 |     7 |    53 |       ||    92
       Distracted        |       |       |       |     3 |     3 |    14 |    16 ||    36
       Held in net/web   |       |       |       |     1 |       |       |       ||     1
       Paralysed         |       |       |       |       |       |       |     1 ||     1
Armor: Animal skin       |    18 |     6 |       |       |       |       |       ||    24
       Robe              |       |       |    23 |    14 |       |       |       ||    37
       Pearl dragon scal |       |       |       |   174 |   437 |   348 |   366 ||  1325
       Shadow dragon sca |       |       |       |       |       |       |    39 ||    39
Dodge: Dodged            |   107 |    53 |   212 |   901 |  1485 |  1381 |  1798 ||  5937
Block: Buckler           |       |     5 |   100 |   506 |   995 |  1012 |  1241 ||  3859
       Reflection        |       |       |       |       |       |       |    32 ||    32

Table legend: (Time is in decaauts)
 A = Elapsed time spent in this place.
 B = Non-inter-level travel time spent in this place.
 C = Inter-level travel time spent in this place.
 D = Time resting spent in this place.
 E = Time spent auto-exploring this place.
 F = Levels seen in this place.
 G = Mean time per level.
                   A        B        C        D        E       F      G
               +--------+--------+--------+--------+--------+-----+--------+
         Total |  75335 |  71946 |   3389 |  39591 |  13113 |  43 | 1752.0 |
       Dungeon |  22107 |  20523 |   1584 |  10126 |   5487 |  15 | 1473.8 |
          Lair |  10421 |   9794 |    627 |   5171 |   2035 |   6 | 1736.8 |
        Shoals |   9314 |   9037 |    277 |   5543 |    911 |   4 | 2328.5 |
   Spider Nest |   8536 |   8249 |    287 |   4951 |    709 |   4 | 2134.0 |
  Orcish Mines |   4255 |   4048 |    207 |   2371 |    482 |   2 | 2127.5 |
   Elven Halls |   3010 |   2913 |     97 |   1214 |    853 |   2 | 1505.0 |
        Vaults |  12960 |  12676 |    284 |   7028 |   2409 |   4 | 3240.0 |
        Depths |   3388 |   3364 |     24 |   2374 |    208 |   2 | 1694.0 |
          Hell |     47 |     47 |      0 |      0 |      0 |   1 |   47.0 |
         Abyss |   1138 |   1138 |      0 |    703 |     15 |   2 |  569.0 |
    Desolation |    154 |    154 |      0 |    107 |      0 |   1 |  154.0 |
               +--------+--------+--------+--------+--------+-----+--------+

Top non-repeatable levels by time:
Vaults:2: 3742 daAuts
Vaults:3: 3429 daAuts
Spider:4: 3145 daAuts
Vaults:1: 2955 daAuts
Shoals:3: 2945 daAuts
  Lair:6: 2932 daAuts
Vaults:4: 2833 daAuts
    D:10: 2701 daAuts
Depths:1: 2688 daAuts
  Lair:2: 2681 daAuts
   Orc:2: 2646 daAuts
Shoals:2: 2537 daAuts
    D:14: 2455 daAuts
Shoals:4: 2431 daAuts
Spider:3: 2260 daAuts
